 Dungeon Crawl Stone Soup version 0.23.2-1-ga50397a (webtiles) character file.

Game seed: 8407074881429887061

14919 Kairos the Brawler (level 12, -6/97 HPs)
             Began as a Ghoul Monk on Apr 23, 2019.
             Was a High Priest of Okawaru.
             Mangled by a komodo dragon (21 damage)
             ... on level 2 of the Lair of Beasts.
             The game lasted 00:33:27 (10920 turns).

Kairos the Brawler (Ghoul Monk)                    Turns: 10920, Time: 00:33:28

Health: -6/97      AC: 18    Str: 22    XL:     12   Next: 21%
Magic:  10/12      EV: 15    Int:  5    God:    Okawaru [*****.]
Gold:   393        SH:  0    Dex: 11    Spells: 11/11 levels left

rFire    + . .     SeeInvis .     - Unarmed
rCold    + . .     Gourm    .   (no shield)
rNeg     + + +     Faith    .   z - +4 scale mail {rF+}
rPois    ∞         Spirit   .   H - +2 helmet
rElec    .         Reflect  .   P - +0 cloak
rCorr    .         Harm     .   (no gloves)
MR       .....                  (no boots)
Stlth    ++........             G - amulet of the acrobat
HPRegen  0.00/turn              f - +2 ring of strength
MPRegen  0.13/turn              q - ring of wizardry

@: heroism, rotting, studying Slings
A: rotting body, claws 1, carnivore, cold resistance 1, negative energy
resistance 3, inhibited regeneration, torment resistance, unbreathing
a: Heroism, Finesse, Renounce Religion


You were on level 2 of the Lair of Beasts.
You worshipped Okawaru.
Okawaru was extremely pleased with you.
You were not hungry.

You visited 3 branches of the dungeon, and saw 11 of its levels.
You also visited: Volcano.

You collected 677 gold pieces.
You spent 284 gold pieces at shops.

Inventory:

Hand Weapons
 a - a +2 dagger of venom
 j - a +3 blowgun
 m - the +3 whip of Grontol {protect, *Slow Dex+7 Stlth+}
   (You found it on level 5 of the Dungeon)

   It protects the one who uses it against injury (+AC on strike).
   It affects your dexterity (+7).
   It may slow you when you take damage.
   It makes you more stealthy.
 J - a +0 dire flail of protection
 T - a +0 vampiric broad axe
Missiles
 g - 8 tomahawks
 p - 26 poisoned needles
 r - 8 steel tomahawks
 O - 6 javelins of penetration (quivered)
 Q - 4 javelins of returning
Armour
 z - a +4 scale mail of fire resistance (worn)
 B - a +1 chain mail of fire resistance
 H - a +2 helmet (worn)
 P - a +0 cloak (worn)
 R - a +0 troll leather armour
Jewellery
 f - a +2 ring of strength (left claw)
 k - an uncursed ring of stealth
 n - an uncursed ring of ice
 q - a ring of wizardry (right claw)
 A - an uncursed ring of protection from magic
 F - a +5 ring of intelligence
 G - an amulet of the acrobat (around neck)
Wands
 d - a wand of polymorph (6)
 M - a wand of enslavement (16)
Scrolls
 c - 9 scrolls of teleportation
 e - a scroll of immolation
 o - 3 scrolls of remove curse
 t - 4 scrolls of amnesia
 v - 2 scrolls of identify
 y - a scroll of holy word
 E - a scroll of enchant armour
 N - 4 scrolls of enchant weapon
 S - a scroll of fog
Potions
 h - 3 potions of curing
 l - a potion of invisibility
 s - a potion of brilliance {unknown}
 u - a potion of flight
Books
 K - a manual of Slings
Comestibles
 b - 17 rations


   Skills:
 + Level 6.7(11.7) Fighting
 + Level 2.9(7.9) Maces & Flails
 + Level 4.4(9.4) Throwing
 + Level 7.2(12.2) Armour
 + Level 5.2(10.2) Dodging
 + Level 3.1(8.1) Stealth
 + Level 15.6(20.6) Unarmed Combat
 + Level 1.9 Invocations


You had 11 spell levels left.
You didn't know any spells.
Your spell library contained the following spells:

 Spells                   Type           Power        Failure   Level  Hunger
 Magic Dart               Conj           #...         41%         1    ##.....
 Searing Ray              Conj           #.....       52%         2    ###....
 Dazzling Spray           Conj/Hex       #.....       77%         3    ####...
 Force Lance              Conj/Tloc      #.......     98%         4    #####..
 Fulminant Prism          Conj/Hex       #.........   98%         4    #####..
 Iskenderun's Mystic Bla  Conj           #.......     98%         4    #####..


Dungeon Overview and Level Annotations

Branches:
Dungeon (8/15)             Temple (1/1) D:4            Lair (2/6) D:8
  Swamp (0/4) Lair:2
  Snake: Lair:2-4    Spider: Lair:2-4

Altars:
Ashenzari
Cheibriados
Dithmenos
Elyvilon
Fedhas
Gozag
Hepliaklqana
Kikubaaqudgha
Makhleb
Nemelex Xobeh
Okawaru
Qazlal
Ru
Sif Muna
Trog
Uskayaw
Vehumet
Wu Jian
Xom
Yredelemnul
Zin
The Shining One

Shops:
D:5 [   D:6 *

Annotations:
Lair:1 exclusion: 4 oklob plants


Innate Abilities, Weirdness & Mutations

Your body is rotting away.
You thrive on raw meat.
You are immune to poison.
You have sharp fingernails.
You are carnivorous and can eat meat at any time.
Your flesh is cold resistant. (rC+)
You are immune to negative energy. (rN+++)
You do not regenerate when monsters are visible.
You are immune to unholy pain and torment.
You can survive without breathing.


Message History

The rime drake bites you but does no damage.
As you read the scroll of teleportation, it crumbles to dust.
You feel strangely unstable. The ice encasing you melts away.
The hell rat misses you.
The water moccasin bites you but does no damage.
The rime drake bites you but does no damage.
The rat closely misses you. The hell rat misses you.
The water moccasin completely misses you.
The water moccasin bites you but does no damage.
The water moccasin closely misses you.
The rat twitches its whiskers.
The rat bites you but does no damage.
Your surroundings suddenly seem different.
A komodo dragon comes into view.
Found a stone staircase leading up.
You feel like a meek peon again.
You gain the combat prowess of a mighty hero.
The komodo dragon bites you!!
You die...

* * * #### #..## * *** ##...#####
* # *,**###......#.# *
##****#.##P....l@..#* #########
§##,,...<........#.######.##P.#§§
≈.#######.###...#..#...#.........
≈≈..#####** #P..##............§≈≈
≈≈##.#.## ####..#P...###..[P§§♣§≈
§####[..# #P........##*#####.≈≈§♣
##.###.####......#..##.#**##.♣≈§§
##..######..............,*#..§♣÷§
##...##..........P#.##..P*###....


You could see a komodo dragon.

Vanquished Creatures
  2 hydras
  A two-headed ogre (D:8)
  Urug (D:8)
  An orc sorcerer (Volcano)
  2 ugly things (Volcano)
  A black mamba (Lair:1)
  A smoke demon (Volcano)
  3 spiny frogs
  A komodo dragon (Lair:1)
  A troll (D:8)
  A queen bee (D:8)
  Grinder (D:5)
  2 bog bodies (Lair:2)
  A hippogriff (D:7)
  A spriggan (D:7)
  2 wyverns
  3 yaks (Lair:1)
  Grum (Lair:1)
  Edmund (D:6)
  Menkaure (D:7)
  A soldier ant (D:8)
  3 water moccasins (Lair:1)
  A hell hound (Volcano)
  12 porcupines
  5 ice beasts
  An orc warrior (D:8)
  2 phantoms (D:5)
  2 sky beasts
  3 ogres
  15 wolves
  5 centaurs
  2 crocodiles
  3 big kobolds
  6 bullfrogs
  4 scorpions
  10 killer bees (D:8)
  A howler monkey (D:4)
  2 crimson imps
  4 hounds
  10 orc wizards
  2 orc priests
  A jelly (D:8)
  2 centaur skeletons
  2 hell rats (Lair:2)
  3 iguanas (D:4)
  5 worker ants
  A hound zombie (D:5)
  A hound skeleton (D:4)
  3 river rats (Lair:2)
  7 adders
  A shadow imp (D:8)
  3 oozes
  2 worms
  A dart slug (D:2)
  5 leopard geckos
  32 orcs
  7 bats
  4 giant cockroaches
  5 goblins
  4 hobgoblins
  5 jackals
  3 quokkas
  A ball python (D:1)
  4 frilled lizards
  A jackal skeleton (D:5)
  A jackal zombie (D:7)
  28 kobolds
  A leopard gecko skeleton (D:4)
  8 rats
263 creatures vanquished.

Vanquished Creatures (others)
  11 fungi
  7 plants
18 creatures vanquished.

Grand Total: 281 creatures vanquished

Notes
Turn   | Place    | Note
-------+----------+-------------------------------------------
     0 | D:1      | Kairos the Ghoul Monk began the quest for the Orb.
     0 | D:1      | Reached XP level 1. HP: 19/19 MP: 0/0
   340 | D:1      | Reached XP level 2. HP: 25/25 MP: 1/1
   636 | D:1      | Reached XP level 3. HP: 30/31 MP: 2/2
  1400 | D:2      | Reached skill level 4 in Unarmed Combat
  1697 | D:2      | Found a shadowy altar of Dithmenos.
  1697 | D:2      | Found a glowing golden altar of the Shining One.
  1757 | D:3      | Reached XP level 4. HP: 38/39 MP: 3/3
  2006 | D:3      | Reached XP level 5. HP: 44/46 MP: 4/4
  2011 | D:3      | Reached skill level 1 in Armour
  2246 | D:3      | Reached skill level 5 in Unarmed Combat
  2713 | D:3      | Found a deep blue altar of Sif Muna.
  2913 | D:4      | Reached XP level 6. HP: 49/52 MP: 5/5
  3564 | D:4      | Reached skill level 1 in Throwing
  3876 | D:4      | Reached XP level 7. HP: 52/59 MP: 6/6
  4022 | D:4      | Found a staircase to the Ecumenical Temple.
  4068 | D:4      | Reached skill level 6 in Unarmed Combat
  4307 | Temple   | Entered the Ecumenical Temple
  4466 | Temple   | Became a worshipper of Warmaster Okawaru
  4466 | Temple   | Reached * piety under Okawaru
  4466 | Temple   | Reached ** piety under Okawaru
  4526 | D:5      | Entered Level 5 of the Dungeon
  4617 | D:5      | Got a transparent whip
  4618 | D:5      | Identified the +3 whip of Grontol {protect, *Slow Dex+7
                  | Stlth+} (You found it on level 5 of the Dungeon)
  4844 | D:5      | Reached skill level 7 in Unarmed Combat
  4844 | D:5      | Reached XP level 8. HP: 38/66 MP: 4/7
  4858 | D:5      | Noticed Grinder
  5766 | D:5      | Found Moesche's Antique Armour Emporium.
  5781 | D:5      | Bought a shiny chain mail for 142 gold pieces
  5781 | D:5      | Bought a shiny helmet for 142 gold pieces
  6010 | D:5      | Killed Grinder
  6010 | D:5      | Reached skill level 1 in Maces & Flails
  6241 | D:6      | Noticed Edmund
  6274 | D:6      | Killed Edmund
  6274 | D:6      | Reached *** piety under Okawaru
  6274 | D:6      | Reached skill level 8 in Unarmed Combat
  6335 | D:6      | Found Zin's Purification Station.
  6339 | D:6      | Found a glowing silver altar of Zin.
  6957 | D:6      | Reached XP level 9. HP: 65/73 MP: 8/8
  6958 | D:6      | Found a hazy altar of Hepliaklqana.
  7225 | D:7      | Received a gift from Okawaru
  7225 | D:7      | Reached skill level 5 in Fighting
  7378 | D:7      | Reached skill level 9 in Unarmed Combat
  7470 | D:7      | Reached **** piety under Okawaru
  7473 | D:7      | Received a gift from Okawaru
  7502 | D:7      | Noticed Menkaure
  7522 | D:7      | Killed Menkaure
  7522 | D:7      | Reached skill level 10 in Unarmed Combat
  7718 | D:7      | Reached XP level 10. HP: 62/81 MP: 9/9
  7832 | D:7      | Found a shimmering altar of Xom.
  7907 | D:8      | Reached skill level 5 in Armour
  7913 | D:8      | Reached skill level 11 in Unarmed Combat
  7932 | D:8      | Received a gift from Okawaru
  8162 | D:8      | Reached skill level 12 in Unarmed Combat
  8234 | D:8      | Reached ***** piety under Okawaru
  8315 | D:8      | Found a staircase to the Lair.
  8315 | D:8      | Noticed a two-headed ogre
  8347 | D:8      | Killed a two-headed ogre
  8347 | D:8      | Reached skill level 1 in Invocations
  8508 | D:8      | Reached skill level 13 in Unarmed Combat
  8679 | Lair:1   | Entered Level 1 of the Lair of Beasts
  8679 | Lair:1   | Noticed Urug
  8692 | Lair:1   | Noticed Grum
  8742 | D:7      | HP: 3/83 [wolf[Grum] (4)]
  8759 | D:7      | Reached XP level 11. HP: 17/89 MP: 7/10
  8959 | D:8      | Killed Urug
  8959 | D:8      | Received a gift from Okawaru
  9129 | Lair:1   | Killed Grum
  9450 | Lair:1   | Noticed an oklob plant
  9453 | Lair:1   | Noticed an oklob plant
  9633 | Lair:1   | Reached skill level 14 in Unarmed Combat
  9713 | Lair:1   | Received a gift from Okawaru
  9724 | Lair:1   | Noticed a seven-headed hydra
  9743 | Lair:1   | Killed a seven-headed hydra
 10194 | Lair:1   | Reached skill level 5 in Dodging
 10265 | Lair:1   | Noticed an oklob plant
 10265 | Lair:1   | Noticed an oklob plant
 10266 | Lair:1   | Found the +2 ratskin cloak {+Rats rPois rN+ Str-1 Int-1
                  | Dex+1}
 10394 | Lair:2   | Found a staircase to the Swamp.
 10435 | Lair:2   | Reached skill level 15 in Unarmed Combat
 10492 | Lair:2   | Found a dark tunnel.
 10497 | Volcano  | Entered a volcano
 10545 | Volcano  | Noticed a red ugly thing
 10545 | Volcano  | Noticed a red ugly thing
 10562 | Volcano  | Killed a red ugly thing
 10562 | Volcano  | Received a gift from Okawaru
 10562 | Volcano  | Reached XP level 12. HP: 73/97 MP: 4/12
 10878 | Lair:2   | Noticed a four-headed hydra
 10898 | Lair:2   | Killed a four-headed hydra
 10920 | Lair:2   | Mangled by a komodo dragon

Skill      XL: |  1  2  3  4  5  6  7  8  9 10 11 |
---------------+----------------------------------+-----
Dodging        | 3 4 5 |  5.2
Unarmed Combat | 4 5 7 8 10 13 15 | 15.6
Armour         | 1 2 3 4 5 7 |  7.2
Throwing       | 2 3 4 |  4.4
Fighting       | 4 5 6 |  6.7
Maces & Flails | 2 |  2.9
Stealth        | 3 |  3.1
Invocations    | 1 |  1.9

Action                   |  1- 3 |  4- 6 |  7- 9 | 10-12 || total
-------------------------+-------+-------+-------+-------++-------
Melee: Unarmed           |    95 |   192 |   311 |   430 ||  1028
       Punch             |     2 |     6 |     7 |    26 ||    41
       Whip              |       |       |    59 |    20 ||    79
 Fire: Blowgun           |       |    21 |    27 |    10 ||    58
Throw: Tomahawk          |       |       |       |     2 ||     2
       Javelin           |       |       |       |     3 ||     3
Invok: Heroism           |       |       |     5 |    15 ||    20
       Finesse           |       |       |       |     1 ||     1
Evoke: Wand              |       |       |     1 |       ||     1
  Use: Scroll            |     2 |     4 |     2 |    12 ||    20
       Potion            |       |     1 |     5 |     3 ||     9
 Stab: Sleeping          |     1 |       |       |       ||     1
       Distracted        |       |       |       |     1 ||     1
  Eat: Chunk             |     5 |    27 |    18 |    54 ||   104
Armor: Robe              |     9 |       |       |       ||     9
       Scale mail        |    22 |    82 |    67 |    27 ||   198
       Chain mail        |       |       |   111 |   198 ||   309
Dodge: Dodged            |    50 |   135 |   150 |   349 ||   684
